 Dungeon Crawl Stone Soup version 0.26-a0-658-gbdda728c12 (webtiles) character file.

Game seed: 11004470259292554557

1577 tacoguy the Thaumaturge (level 8, -9/41 HPs)
             Began as a Deep Elf Conjurer on Oct 4, 2020.
             Was a Follower of Qazlal.
             Shot with an arrow by a centaur (16 damage)
             ... on level 6 of the Dungeon.
             The game lasted 00:33:44 (5638 turns).

tacoguy the Thaumaturge (Deep Elf Conjurer)         Turns: 5638, Time: 00:33:44

Health: -9/41      AC:  5    Str:  4    XL:     8   Next: 60%
Magic:  1/24       EV: 28    Int: 26    God:    Qazlal [*.....]
Gold:   341        SH:  2    Dex: 13    Spells: 16/27 levels left

rFire    . . .     SeeInvis .   h - +1 dagger (venom)
rCold    . . .     Faith    .   (no shield)
rNeg     + . .     Spirit   .   a - +1 robe
rPois    +         Reflect  .   (no helmet)
rElec    .         Harm     .   (no cloak)
rCorr    .         Rampage  .   j - +0 pair of gloves
MR       .....                  n - +0 pair of boots
Stlth    ++........             p - amulet of the acrobat
HPRegen  0.13/turn              o - ring of poison resistance
MPRegen  0.19/turn              r - ring of positive energy

@: acrobat
A: no striking features
a: Renounce Religion


You were on level 6 of the Dungeon.
You worshipped Qazlal.
Qazlal was aware of your devotion.
You visited 1 branch of the dungeon, and saw 6 of its levels.

You collected 341 gold pieces.

Inventory:

Hand Weapons
 h - a +1 dagger of venom (weapon)
Armour
 a - a +1 robe (worn)
 j - a +0 pair of gloves (worn)
 n - a +0 pair of boots (worn)
Jewellery
 o - a ring of poison resistance (left hand)
 p - an amulet of the acrobat (around neck)
 r - a ring of positive energy (right hand)
Scrolls
 b - 4 scrolls of remove curse
 c - a scroll of enchant weapon
 g - a scroll of amnesia
 s - a scroll of immolation
 t - a scroll of random uselessness {unknown}
 u - a scroll of teleportation
Potions
 d - a potion of ambrosia {unknown}
 e - a potion of heal wounds
 i - 2 potions of cancellation
 k - a potion of magic {unknown}
 l - 2 potions of curing {unknown}
 m - 2 potions of lignification {unknown}
 q - a potion of flight {unknown}
 v - 2 potions of might {unknown}
 w - a potion of stabbing {unknown}


   Skills:
 - Level 2.5 Dodging
 - Level 2.6 Stealth
 + Level 10.2 Spellcasting
 + Level 9.6 Conjurations


You had 16 spell levels left.
You knew the following spells:

 Your Spells              Type           Power        Failure   Level
a - Magic Dart            Conj           ####         1%          1
b - Searing Ray           Conj           ######       1%          2
c - Fulminant Prism       Conj/Hex       #####.....   6%          4
d - Iskenderun's Mystic   Conj/Tloc      #####...     6%          4

Your spell library contained the following spells:

 Spells                   Type           Power        Failure   Level
 Dazzling Flash           Conj/Hex       #####.       1%          3
 Animate Skeleton         Necr           ##....       4%          1
 Apportation              Tloc           ##....       4%          1
 Corona                   Hex            ##.....      4%          1
 Summon Small Mammal      Summ           ##..         4%          1


Dungeon Overview and Level Annotations

Branches:
Dungeon (6/15)             Temple (0/1) D:6

Altars:
Qazlal
Yredelemnul
The Shining One

Shops:
D:6 (?(}


Message History

Items here: ) = [ ÷.
The ufetubus completely misses you. x2
The ufetubus misses you. The ufetubus completely misses you.
The ufetubus misses you. x2
The ufetubus hits you but does no damage.
The ufetubus completely misses you.
Casting: Iskenderun's Mystic Blast (quite dangerous; 6% risk of failure)
Confirm with . or Enter, or press ? or * to list all spells.
Aiming: Searing Ray (safe; 1% risk of failure)
Press: ? - help, Shift-Dir - straight line, f - ufetubus
Aim: an ufetubus The searing ray hits the ufetubus.
The ufetubus is almost dead. (Press . to maintain the ray.)
The ufetubus hits you.
* * * LOW HITPOINT WARNING * * *
You block the ufetubus's attack. The ufetubus completely misses you. x2
The centaur shoots an arrow.
The arrow hits you!
You die...

#..# . ...# ## #. ##∩### #.#
....... ....# ##...#######..
.♣∩♣...# #.... F#............
##....##.#####c...
.)..†.o.......##...♣..........#..
#.)..........8...#...............
##).†..................c.....<...
<..>)...#. ##∩#.@###.............
#####§..# #....5.##........Z(...
..§# #.<....÷.........z.#.. . §
#...).○#.Z.....(...# .
§#.8....#...........##
§..........##...........#.
..§...####................
.§§§..###...#...z...#.....
.§§§#.....#.#.......#.....


You could see a centaur, a wight, an ufetubus and a centaur skeleton.

Vanquished Creatures
  An orc warrior (D:6)
  A sky beast (D:5)
  An ice beast (D:6)
  2 necrophages
  An ogre (D:4)
  A centaur (D:5)
  2 bullfrogs (D:6)
  A wyvern skeleton (D:6)
  2 scorpions
  2 wights (D:6)
  A howler monkey (D:5)
  An orc priest (D:6)
  3 hounds
  A jelly (D:6)
  An iguana (D:4)
  2 orc wizards
  3 worker ants
  A hound skeleton (D:4)
  A worker ant zombie (D:6)
  3 gnolls (D:4)
  8 adders
  A white imp (D:5)
  2 oozes
  An adder zombie (D:6)
  3 worms
  A dart slug (D:2)
  2 leopard geckos (D:1)
  16 orcs
  A ball python (D:2)
  9 bats
  3 giant cockroaches
  4 goblins
  5 hobgoblins
  7 jackals
  8 kobolds
  3 quokkas
  A ball python skeleton (D:5)
  11 frilled lizards
  7 rats
124 creatures vanquished.

Vanquished Creatures (others)
  29 fulminant prisms
29 creatures vanquished.

Grand Total: 153 creatures vanquished

Notes
Turn   | Place    | Note
-------+----------+-------------------------------------------
     0 | D:1      | tacoguy the Deep Elf Conjurer began the quest for the Orb.
     0 | D:1      | Reached XP level 1. HP: 10/10 MP: 6/6
   133 | D:1      | Reached XP level 2. HP: 15/15 MP: 5/8
   138 | D:1      | Learned a level 2 spell: Searing Ray
   353 | D:1      | Reached skill level 5 in Conjurations
   876 | D:1      | Reached XP level 3. HP: 19/19 MP: 7/9
  1381 | D:2      | Reached skill level 4 in Spellcasting
  1437 | D:2      | Reached XP level 4. HP: 24/24 MP: 7/12
  1960 | D:2      | Found a faded altar of an unknown god.
  2090 | D:3      | Reached skill level 5 in Spellcasting
  2090 | D:3      | Reached XP level 5. HP: 28/28 MP: 9/14
  2096 | D:3      | Learned a level 4 spell: Fulminant Prism
  2101 | D:3      | Learned a level 4 spell: Iskenderun's Mystic Blast
  2682 | D:3      | Found a basalt altar of Yredelemnul.
  2691 | D:3      | Found a glowing golden altar of the Shining One.
  2849 | D:3      | Noticed a profane servitor
  2950 | D:4      | Noticed a necrophage
  2953 | D:4      | Killed a necrophage
  2953 | D:4      | Reached skill level 6 in Spellcasting
  2953 | D:4      | Reached XP level 6. HP: 32/32 MP: 10/17
  3543 | D:4      | Reached skill level 7 in Spellcasting
  3627 | D:4      | Got a tattered robe
  3628 | D:4      | Identified the +0 robe "Jakiwace" {MR+ Int-3 Dex+4 SInv}
                  | (You found it on level 4 of the Dungeon)
  3782 | D:4      | Found a stormy altar of Qazlal.
  3785 | D:4      | Became a worshipper of Qazlal Stormbringer
  3815 | D:4      | Reached XP level 7. HP: 36/36 MP: 10/19
  4067 | D:5      | Entered Level 5 of the Dungeon
  4791 | D:5      | Reached skill level 8 in Spellcasting
  5208 | D:6      | Found Yzounni's Magic Scroll Emporium.
  5225 | D:6      | Reached * piety under Qazlal
  5335 | D:6      | Reached XP level 8. HP: 41/41 MP: 15/22
  5359 | D:6      | Reached skill level 9 in Spellcasting
  5376 | D:6      | Found Mite's Weapon Boutique.
  5376 | D:6      | Found a staircase to the Ecumenical Temple.
  5388 | D:6      | Found Hasmejea's Antique Weapon Shop.
  5388 | D:6      | Found Nosanlo's Gadget Shoppe.
  5591 | D:6      | Reached skill level 10 in Spellcasting
  5638 | D:6      | Shot with an arrow by a centaur

Illustrated notes

Levels and vault maps discovered:
D:1:      dpeg_arrival_rhombi, layout_basic, minmay_vboxes
D:2:      layout_rooms, chequers_ecumenical_altar_grove
D:3:      layout_rooms, grunt_temple_overflow_holy_war, st_stairs_4
D:4:      layout_loops_ring, kennysheep_mini, minivault_19
D:5:      layout_loops_ring
D:6:      layout_rooms, minmay_temple_entry_mini_moons, serial_shops,
          nicolae_shop_trees, shop_statue, shop,
          nicolae_shop_temple_entry_statues_fountains, basic_altar,
          minmay_misc_feat_secret_circle, nicolae_dithmenos_the_darkroom

Skill      XL: |  1  2  3  4  5  6  7  8 |
---------------+-------------------------+-----
Conjurations   | 5 6 7 8 9 |  9.6
Spellcasting   | 4 5 6 7 8 10 | 10.2
Dodging        | |  2.5
Stealth        | |  2.6

Action                   |  1- 3 |  4- 6 |  7- 9 || total
-------------------------+-------+-------+-------++-------
Melee: Dagger            |       |     2 |     7 ||     9
 Cast: Magic Dart        |    54 |    58 |    18 ||   130
       Searing Ray       |     7 |    14 |    30 ||    51
       Fulminant Prism   |       |    13 |    16 ||    29
       Iskenderun's Myst |       |     3 |     5 ||     8
  Use: Scroll            |     5 |     8 |     6 ||    19
       Potion            |       |       |     1 ||     1
 Stab: Sleeping          |       |     1 |       ||     1
Armor: Robe              |     3 |     2 |     3 ||     8
Dodge: Dodged            |    10 |     4 |    41 ||    55
Block: Other             |       |       |     1 ||     1

Table legend: (Time is in decaauts)
 A = Elapsed time spent in this place.
 B = Non-inter-level travel time spent in this place.
 C = Inter-level travel time spent in this place.
 D = Time resting spent in this place.
 E = Time spent auto-exploring this place.
 F = Levels seen in this place.
 G = Mean time per level.
                   A        B        C        D        E       F      G
               +--------+--------+--------+--------+--------+-----+--------+
         Total |   5634 |   5324 |    310 |   2432 |   2212 |   6 |  939.0 |
       Dungeon |   5634 |   5324 |    310 |   2432 |   2212 |   6 |  939.0 |
               +--------+--------+--------+--------+--------+-----+--------+

Top non-repeatable levels by time:
     D:5: 1138 daAuts
     D:4: 1116 daAuts
     D:1: 1093 daAuts
     D:3: 958 daAuts
     D:2: 896 daAuts
     D:6: 430 daAuts
